 Dungeon Crawl Stone Soup version 0.18.1-50-g88ac8fd (webtiles) character file.

4145 Peloso the Shield-Bearer (level 10, -6/84 HPs)
             Began as a Ghoul Fighter on Oct 19, 2016.
             Was a Follower of Okawaru.
             Mangled by an earth elemental (18 damage)
             ... summoned by a deep elf mage
             ... in a bailey.
             The game lasted 00:27:13 (9125 turns).

Peloso the Shield-Bearer (Ghoul Fighter)            Turns: 9125, Time: 00:27:14

Health: -6/84      AC: 21    Str: 26    XL:     10   Next: 27%
Magic:  9/9        EV: 10    Int:  3    God:    Okawaru [*.....]
Gold:   416        SH: 11    Dex: 11    Spells: 0 memorised, 9 levels left

rFire  x . .     SeeInvis .     C - +1 long sword
rCold  + + .     Gourm    .     B - +8 scale mail of the Pit {rCorr}
rNeg   + + +     Faith    .     c - +0 shield
rPois  ∞         Spirit   .     (no helmet)
rElec  .         Dismiss  .     n - +1 cloak
rCorr  +         Reflect  .     p - +1 pair of gloves
SustAt .         Harm     .     J - +0 pair of boots
MR     .....                    t - amulet of Fekhaw {+Rage rPois}
Stlth  ..........               j - ring of ice
                                y - ring of poison resistance

@: mighty, rotting, not resistant to hostile enchantments, extremely unstealthy
A: rotting body, claws 1, carnivore 3, cold resistance 1, negative energy
resistance 3, slow regeneration 1, torment resistance, unbreathing
a: Heroism, Renounce Religion


You were in a bailey.
You worshipped Okawaru.
Okawaru was aware of your devotion.
You were not hungry.

You visited 2 branches of the dungeon, and saw 9 of its levels.
You also visited: Ossuary and Bailey.

You collected 416 gold pieces.

Inventory:

Hand Weapons
 a - a +0 long sword
 e - a +0 whip of flaming
 C - a +1 long sword (weapon)
Armour
 c - a +0 shield (worn)
 n - a +1 cloak (worn)
 o - a +0 plate armour
 p - a +1 pair of gloves (worn)
 B - the +8 scale mail of the Pit (worn) {rCorr}
   (You found it on level 6 of the Dungeon)

   It protects you from acid and corrosion.
 J - a +0 pair of boots (worn)
Jewellery
 g - an uncursed ring of positive energy
 j - a ring of ice (right hand)
 t - the amulet of Fekhaw (around neck) {+Rage rPois}
   (You found it on level 5 of the Dungeon)

   [amulet of rage]

   It protects you from poison.
   It lets you go berserk.
 y - a ring of poison resistance (left hand)
Wands
 E - a wand of flame (26/48)
 K - a wand of polymorph (15/24)
Scrolls
 d - a scroll of remove curse
 h - 4 scrolls of identify
 r - 3 scrolls of amnesia
 w - 2 scrolls of enchant weapon {unknown}
 x - 2 scrolls of enchant armour
 D - a scroll of teleportation
 H - 2 scrolls of fog {unknown}
 I - a scroll of holy word {unknown}
Potions
 b - 3 potions of flight {unknown}
 i - 2 potions of resistance
 k - 4 potions of invisibility
 m - 8 potions of curing
 q - 2 potions of agility {unknown}
 s - a potion of lignification {unknown}
 u - a potion of cure mutation {unknown}
 v - a potion of berserk rage
 z - 3 potions of brilliance {unknown}
 A - 2 potions of might
 G - 3 potions of degeneration {unknown}
Comestibles
 f - 2 meat rations


   Skills:
 + Level 6.9 Fighting
 + Level 7.2 Long Blades
 + Level 6.4 Armour
 + Level 4.2 Dodging
 + Level 1.7 Stealth
 + Level 7.4 Shields


You had 9 spell levels left.
You didn't know any spells.

Dungeon Overview and Level Annotations

Branches:
Dungeon (8/15)             Temple (1/1) D:6
   Lair: D:8-11

Altars:
Ashenzari
Dithmenos
Elyvilon
Gozag
Kikubaaqudgha
Makhleb
Nemelex Xobeh
Okawaru
Pakellas
Qazlal
Ru
Sif Muna
Xom
Yredelemnul
Zin
The Shining One

Shops:
D:5 *


Innate Abilities, Weirdness & Mutations

Your body is rotting away.
You thrive on raw meat.
You are immune to poison.
You have sharp fingernails.
You are carnivorous and can eat meat at any time.
Your flesh is cold resistant.
You are immune to negative energy.
You regenerate slowly when monsters are visible.
You are immune to unholy pain and torment.
You can survive without breathing.


Message History

The earth elemental hits you!!
* * * LOW HITPOINT WARNING * * *
You block the earth elemental's attack.
The deep elf mage hits you with a rapier.
* * * LOW HITPOINT WARNING * * *
The earth elemental barely misses you.
You closely miss the deep elf mage.
The deep elf mage is heavily wounded.
The deep elf mage hits you with a rapier.
* * * LOW HITPOINT WARNING * * *
Unknown command.
Drink which item? (? for menu, Esc to quit)
You feel much better. The earth elemental closely misses you.
You block the earth elemental's attack. The earth elemental hits you!!
* * * LOW HITPOINT WARNING * * *
The deep elf mage hits you but does no damage.
Drink which item? (? for menu, Esc to quit)
You feel very mighty all of a sudden. The earth elemental hits you!!
You die...

#####+
##....#
#.....#
#..∩..#
#.....#
###...#
##.E##'####
#.@e.##...##
#EE..#.....#
##..##..∩..#
######...##
#####


You could see 3 earth elementals and a deep elf mage.

Vanquished Creatures
  Pikel (D:4)
  Sigmund (D:2)
  A hungry ghost (D:5)
  The ghost of Gargoyl the Skirmisher, an amateur DsAK of Lugonu (D:4)
  Menkaure (D:4)
  A water moccasin (D:6)
  A slave (D:4)
  2 ice beasts (D:5)
  2 orc warriors
  A sky beast (D:7)
  A phantom (D:5)
  3 ogres
  2 centaurs
  2 elf zombies (Ossuary)
  Blork the orc (D:4)
  2 giant frogs
  A big kobold (D:8)
  2 scorpions (D:4)
  5 wights (D:6)
  6 howler monkeys
  3 crimson imps
  A giant frog zombie (D:6)
  2 hounds
  A human zombie (Ossuary)
  A centaur skeleton (D:6)
  2 jellies
  2 orc priests (D:8)
  4 orc wizards
  2 giant frog skeletons (D:7)
  3 iguanas
  Natasha (thrice) (D:2)
  4 worker ants
  3 big kobold zombies (Ossuary)
  2 hound zombies
  2 mummies (Ossuary)
  A howler monkey zombie (D:7)
  A worker ant zombie (D:5)
  5 adders
  4 shadow imps
  3 oozes
  4 adder zombies
  3 adder skeletons
  3 worms (D:2)
  7 giant geckos
  22 orcs
  5 giant cockroaches
  9 goblins
  8 hobgoblins
  10 jackals
  15 kobolds
  2 quokkas
  2 ball pythons
  9 bats
  A giant gecko zombie (D:7)
  4 giant newts
  2 goblin zombies (Ossuary)
  11 hobgoblin zombies
  2 jackal zombies
  9 kobold zombies (Ossuary)
  7 orc zombies (Ossuary)
  3 rats (D:3)
  2 rat zombies
226 creatures vanquished.

Vanquished Creatures (others)
  An ogre (D:4)
  2 slaves (D:4)
3 creatures vanquished.

Grand Total: 229 creatures vanquished

Notes
Turn   | Place    | Note
--------------------------------------------------------------
     0 | D:1      | Peloso the Ghoul Fighter began the quest for the Orb.
     0 | D:1      | Reached XP level 1. HP: 19/19 MP: 0/0
   210 | D:1      | Reached XP level 2. HP: 15/26 MP: 1/1
   675 | D:1      | Reached XP level 3. HP: 31/31 MP: 2/2
   958 | D:2      | Noticed Natasha
   965 | D:2      | Killed Natasha
  1073 | D:2      | Noticed Sigmund
  1091 | D:2      | Killed Sigmund
  1091 | D:2      | Reached skill level 1 in Dodging
  1091 | D:2      | Reached XP level 4. HP: 18/40 MP: 3/3
  1091 | D:2      | Reached XP level 5. HP: 20/46 MP: 4/4
  1264 | D:2      | Reached XP level 6. HP: 47/52 MP: 5/5
  1442 | D:2      | Noticed Natasha
  1462 | D:2      | Killed Natasha
  2091 | D:2      | Noticed Natasha
  2094 | D:2      | Killed Natasha
  2285 | D:3      | Found an ancient bone altar of Kikubaaqudgha.
  2293 | D:3      | Found a glowing golden altar of the Shining One.
  2868 | D:3      | Found an opulent altar of Gozag.
  3341 | D:4      | Reached XP level 7. HP: 55/59 MP: 6/6
  3564 | D:4      | Noticed Menkaure
  3571 | D:4      | Killed Menkaure
  3571 | D:4      | Reached skill level 1 in Stealth
  3646 | D:4      | Noticed Pikel
  3648 | D:4      | Found a shadowy altar of Dithmenos.
  3683 | D:4      | Killed Pikel
  3683 | D:4      | Reached skill level 5 in Shields
  3683 | D:4      | Reached XP level 8. HP: 40/67 MP: 7/7
  4019 | D:4      | Reached skill level 5 in Fighting
  4059 | D:4      | Noticed Blork the orc
  4288 | D:4      | Reached skill level 5 in Armour
  4425 | D:4      | Noticed Gargoyl's ghost (amateur DsAK)
  4444 | D:5      | Entered Level 5 of the Dungeon
  4733 | D:4      | Killed Gargoyl's ghost
  4733 | D:4      | Reached skill level 5 in Long Blades
  5013 | D:4      | Killed Blork the orc
  5136 | D:4      | Found a glowing silver altar of Zin.
  5145 | D:4      | Reached XP level 9. HP: 60/74 MP: 8/8
  5268 | D:5      | Got a crude ivory amulet
  5269 | D:5      | Identified the amulet of Fekhaw {+Rage rPois} (You found it on level 5 of the Dungeon)
  5621 | D:5      | Found Miumaze's General Store.
  6184 | D:6      | Found a staircase to the Ecumenical Temple.
  6191 | Temple   | Entered the Ecumenical Temple
  6262 | D:6      | Found a sand-covered staircase.
  6274 | Ossuary  | Entered an ossuary
  6785 | D:6      | Got a transparent scale mail
  6796 | D:6      | Identified the +8 scale mail of the Pit {rCorr} (You found it on level 6 of the Dungeon)
  6934 | D:6      | Found a sparkling altar of Nemelex Xobeh.
  6934 | D:6      | Found a shimmering altar of Xom.
  6935 | D:6      | Found an iron altar of Okawaru.
  7163 | D:6      | Found a sacrificial altar of Ru.
  7410 | D:6      | Became a worshipper of Warmaster Okawaru
  8186 | D:7      | Reached XP level 10. HP: 73/84 MP: 9/9
  8692 | D:8      | Found a white marble altar of Elyvilon.
  8966 | D:8      | Reached * piety under Okawaru
  9051 | D:8      | Found a flagged portal.
  9102 | Bailey   | Entered a bailey
  9109 | Bailey   | Noticed a deep elf mage
  9125 | Bailey   | Mangled by an earth elemental

Skill      XL: |  1  2  3  4  5  6  7  8  9 10 |
---------------+-------------------------------+-----
Long Blades    | 2 3 4 5 6 7 |  7.2
Shields        | 3 4 5 7 |  7.4
Armour         | 3 4 5 6 |  6.4
Dodging        | 1 2 3 4 |  4.2
Fighting       | 4 5 6 |  6.9
Stealth        | 1 |  1.7

Action                   |  1- 3 |  4- 6 |  7- 9 | 10-12 || total
-------------------------+-------+-------+-------+-------++-------
Melee: Long sword        |   108 |   200 |   835 |   192 ||  1335
  Use: Potion            |     1 |       |     1 |     2 ||     4
       Scroll            |       |       |    11 |     1 ||    12
  Eat: Chunk             |     1 |     8 |    25 |    17 ||    51
       Pizza             |       |       |     1 |       ||     1
Armor: Chain mail        |    77 |   129 |    25 |       ||   231
       Scale mail        |     8 |       |    75 |    79 ||   162
       Plate armour      |       |       |   327 |       ||   327
Dodge: Dodged            |    27 |    33 |   184 |    62 ||   306
Block: Shield            |    71 |   101 |   373 |    88 ||   633
